 Dungeon Crawl Stone Soup version 0.27.0-1-g7a089689b8 (webtiles) character file.

Game seed: 2072022603203474483

2449 bnorton916 the Vexing (level 9, -9/45 HPs)
             Began as a Deep Elf Conjurer on Aug 16, 2021.
             Was a Believer of Vehumet.
             Killed from afar by a gargoyle (21 damage)
             ... with a stone arrow
             ... on level 6 of the Dungeon.
             The game lasted 00:15:44 (10906 turns).

bnorton916 the Vexing (Deep Elf Conjurer)          Turns: 10906, Time: 00:15:45

Health: -9/45      AC:  7    Str:  5    XL:     9   Next: 25%
Magic:  2/21       EV: 12    Int: 26    God:    Vehumet [**....]
Gold:   374        SH:  0    Dex: 13    Spells: 6/22 levels left

rFire    + . .     SeeInvis .   q - staff of conjuration
rCold    . . .     Faith    .   (no shield)
rNeg     . . .     Spirit   .   u - +2 robe {rF+}
rPois    .         Reflect  .   h - +0 helmet
rElec    .         Harm     .   (no cloak)
rCorr    .         Rampage  .   y - +0 pair of gloves
Will     .....                  o - +0 pair of boots
Stlth    ++........             (no amulet)
HPRegen  0.15/turn              (no ring)
MPRegen  0.17/turn              (no ring)

@: no status effects
A: no striking features
a: Renounce Religion


You were on level 6 of the Dungeon.
You worshipped Vehumet.
Vehumet was pleased with you.
You visited 1 branch of the dungeon, and saw 6 of its levels.
You also visited: Ossuary.

You collected 374 gold pieces.

Inventory:

Hand Weapons
 p - a +0 dagger of holy wrath
Missiles
 f - 45 poisoned darts
 g - 115 stones
Armour
 h - a +0 helmet (worn)
 o - a +0 pair of boots (worn)
 u - a +2 robe of fire resistance (worn)
 y - a +0 pair of gloves (worn)
Magical Staves
 n - a staff of poison
 q - a staff of conjuration (weapon)
Jewellery
 A - a ring of fire
 D - a ring of resist corrosion
 F - a +4 ring of protection
Wands
 E - a wand of charming (12)
 H - a wand of acid (8)
Scrolls
 b - 4 scrolls of amnesia {unknown}
 d - 4 scrolls of teleportation
 e - a scroll of enchant weapon {unknown}
 k - 4 scrolls of fog {unknown}
 m - a scroll of enchant armour {unknown}
 r - a scroll of blinking {unknown}
 w - a scroll of summoning {unknown}
 C - a scroll of immolation {unknown}
 G - a scroll of identify
Potions
 a - a potion of lignification {unknown}
 c - a potion of heal wounds
 i - 3 potions of ambrosia
 j - 3 potions of degeneration
 l - a potion of flight
 s - 2 potions of attraction
 t - a potion of invisibility {unknown}
 v - a potion of might {unknown}
 x - 2 potions of curing
 z - a potion of haste {unknown}
 B - a potion of resistance


   Skills:
 - Level 2.4 Dodging
 - Level 2.4 Stealth
 - Level 7.2 Spellcasting
 - Level 7.0 Conjurations
 + Level 7.5 Hexes
 + Level 6.3 Translocations
 + Level 6.3 Earth Magic


You had 6 spell levels left.
You knew the following spells:

 Your Spells              Type           Power      Damage    Failure   Level
a - Magic Dart            Conj           100%       1d8       1%          1
b - Searing Ray           Conj           100%       3d7       1%          2
c - Fulminant Prism       Conj/Hex       31%        3d16      3%          4
d - Iskenderun's Mystic   Conj/Tloc      61%        2d13      3%          4
e - Sandblast             Erth           84%        2d18      1%          1
f - Poisonous Vapours     Pois/Air       18%        N/A       10%         2
g - Passwall              Tmut/Erth      20%        N/A       2%          2

Your spell library contained the following spells:

 Spells                   Type           Power      Damage    Failure   Level
 Mephitic Cloud           Conj/Pois/Air  32%        N/A       7%          3
 Dazzling Flash           Conj/Hex       100%       N/A       1%          3
 Lee's Rapid Deconstruct  Erth           21%        3d13*     13%         5
 Hailstorm                Conj/Ice       41%        3d10      14%         4
 Silence                  Hex/Air        14%        N/A       34%         5
 Ice Form                 Ice/Tmut       9%         N/A       52%         4
 Agony                    Necr           9%         N/A       86%         5
 Simulacrum               Ice/Necr       4%         N/A       100%        6


Dungeon Overview and Level Annotations

Branches:
Dungeon (6/15)            Ossuary (visited)
 Temple: D:4-7

Altars:
Elyvilon
Gozag
Hepliaklqana
Kikubaaqudgha
Qazlal
Ru
Trog
Uskayaw
Vehumet

Shops:
D:1 (   D:6 (


Message History

The gargoyle is heavily damaged. (Press . to maintain the ray.)
The gargoyle hits you with a +4 mace!
The searing ray hits the gargoyle but does no damage.
The gargoyle is heavily damaged.
The gargoyle hits you with a +4 mace!
* * * LOW HITPOINT WARNING * * *
You feel much better.
The gargoyle hurls a stone arrow at you.
The stone arrow hits you!!
Ouch! That really hurt!
* * * LOW HITPOINT WARNING * * *
Casting: Searing Ray (safe; 1% risk of failure)
Confirm with . or Enter, or press ? or * to list all spells.
Aiming: Searing Ray (safe; 1% risk of failure)
Press: ? - help, Shift-Dir - straight line, f/p - gargoyle
Aim: a gargoyle, wielding a +4 mace (heavily damaged, 92% to hit)
Okay, then.
Casting: Searing Ray (safe; 1% risk of failure)
Confirm with . or Enter, or press ? or * to list all spells.
You feel a surge of power!
You erupt in a blast of force!
The mystic blast hits the gargoyle!
The gargoyle is severely damaged.
The gargoyle is knocked back by the mystic blast.
The gargoyle slams into the stone wall!
The gargoyle barely misses you.
Casting: Iskenderun's Mystic Blast (dangerous; 3% risk of failure)
Confirm with . or Enter, or press ? or * to list all spells.
You feel a surge of power!
You erupt in a blast of force!
The mystic blast hits the gargoyle but does no damage.
The gargoyle is severely damaged.
The gargoyle closely misses you.
Unknown command.
Casting: Iskenderun's Mystic Blast (dangerous; 3% risk of failure)
Confirm with . or Enter, or press ? or * to list all spells.
You feel a surge of power!
You erupt in a blast of force!
The mystic blast hits the gargoyle but does no damage.
The gargoyle is severely damaged.
The gargoyle hurls a stone arrow at you.
The stone arrow hits you!!
You die...

##.############.#
#...............#
#.###############
#.# #.# #.# #.#
#.##### #..@..#
####9## .# #. ##


You could see a gargoyle.

Vanquished Creatures
  Pikel (D:6)
  Grinder (D:3)
  Eustachio (D:4)
  Menkaure (Ossuary)
  A water moccasin (D:6)
  An ice beast (D:6)
  A sky beast (D:4)
  A necrophage (D:4)
  An ogre (D:5)
  3 lemures (D:6)
  A phantom (D:6)
  Blork the orc (D:6)
  A water moccasin zombie (D:6)
  A wyvern skeleton (D:6)
  4 bullfrog zombies
  A jelly (D:4)
  A bullfrog skeleton (D:5)
  2 orc priests
  A gnoll shaman (D:6)
  A centaur skeleton (D:2)
  5 orc wizards
  An iguana (D:5)
  A hound zombie (D:5)
  2 hound skeletons
  3 mummies (Ossuary)
  6 gnolls
  6 adders
  2 adder skeletons (D:4)
  3 worms
  18 orcs
  8 endoplasms
  4 giant cockroaches
  3 gnoll zombies (Ossuary)
  9 goblins
  6 hobgoblins
  8 jackals
  10 kobolds
  4 quokkas (D:4)
  10 ball pythons
  4 bats
  6 frilled lizards
  6 gnoll skeletons (Ossuary)
  3 goblin skeletons (Ossuary)
  3 goblin zombies (Ossuary)
  4 hobgoblin skeletons (Ossuary)
  2 hobgoblin zombies (Ossuary)
  5 kobold skeletons (Ossuary)
  6 kobold zombies (Ossuary)
  2 orc skeletons (Ossuary)
  2 orc zombies (Ossuary)
  2 rats (D:1)
  5 rat skeletons (Ossuary)
  10 rat zombies
195 creatures vanquished.

Vanquished Creatures (others)
  2 fulminant prisms
  3 plants (D:3)
5 creatures vanquished.

Grand Total: 200 creatures vanquished

Notes
Turn   | Place    | Note
-------+----------+-------------------------------------------
     0 | D:1      | bnorton916 the Deep Elf Conjurer began the quest for the
                  | Orb.
     0 | D:1      | Reached XP level 1. HP: 10/10 MP: 6/6
   463 | D:1      | Reached XP level 2. HP: 15/15 MP: 4/8
   466 | D:1      | Learned a level 2 spell: Searing Ray
   745 | D:1      | Reached skill level 5 in Conjurations
   745 | D:1      | Reached XP level 3. HP: 19/19 MP: 3/10
   991 | D:1      | Found a faded altar of an unknown god.
  2016 | D:2      | Reached XP level 4. HP: 24/24 MP: 9/12
  2047 | D:2      | Reached skill level 5 in Spellcasting
  2519 | D:3      | Found a sacrificial altar of Ru.
  2527 | D:3      | Reached XP level 5. HP: 28/28 MP: 5/14
  3301 | D:3      | Noticed Grinder
  3308 | D:3      | Killed Grinder
  3309 | D:3      | Reached XP level 6. HP: 32/32 MP: 9/18
  3396 | D:3      | Found a radiant altar of Vehumet.
  3406 | D:3      | Became a worshipper of Vehumet
  3545 | D:3      | Learned a level 4 spell: Fulminant Prism
  3550 | D:3      | Learned a level 4 spell: Iskenderun's Mystic Blast
  3552 | D:3      | Learned a level 1 spell: Sandblast
  3990 | D:4      | Found a sand-covered staircase.
  4081 | Ossuary  | Entered an ossuary
  5578 | Ossuary  | Reached * piety under Vehumet
  5578 | Ossuary  | Offered knowledge of Freeze by Vehumet.
  5596 | Ossuary  | Reached skill level 1 in Hexes
  6275 | Ossuary  | Reached skill level 1 in Translocations
  6275 | Ossuary  | Reached XP level 7. HP: 36/36 MP: 11/19
  6757 | Ossuary  | Reached skill level 1 in Earth Magic
  6759 | Ossuary  | Noticed Menkaure
  6767 | Ossuary  | Killed Menkaure
  7647 | D:4      | Reached ** piety under Vehumet
  7647 | D:4      | Offered knowledge of Poisonous Vapours by Vehumet.
  7651 | D:4      | Learned a level 2 spell: Poisonous Vapours
  7736 | D:4      | Found a hide-covered altar of Uskayaw.
  7751 | D:4      | Found an opulent altar of Gozag.
  7802 | D:4      | Learned a level 2 spell: Passwall
  7872 | D:4      | Found a white marble altar of Elyvilon.
  7909 | D:4      | Found an ancient bone altar of Kikubaaqudgha.
  7911 | D:4      | Found a bloodstained altar of Trog.
  7911 | D:4      | Found a hazy altar of Hepliaklqana.
  7911 | D:4      | Noticed Eustachio
  7918 | D:4      | Killed Eustachio
  7919 | D:4      | Reached XP level 8. HP: 31/41 MP: 14/20
  7922 | D:4      | Found a stormy altar of Qazlal.
  8317 | D:5      | Entered Level 5 of the Dungeon
  8915 | D:5      | Reached skill level 5 in Hexes
  8999 | D:5      | Identified the +5 ring mail "Icutaluh" {rF+ rN+ Will++}
  9339 | D:6      | Noticed Blork the orc
  9344 | D:6      | Killed Blork the orc
  9400 | D:6      | Found Sotepluh's Antique Weapon Boutique.
  9530 | D:6      | Reached skill level 5 in Translocations
  9536 | D:6      | Reached skill level 5 in Earth Magic
  9677 | D:6      | Offered knowledge of Mephitic Cloud by Vehumet.
 10082 | D:6      | Noticed Pikel
 10100 | D:6      | Killed Pikel
 10101 | D:6      | Reached XP level 9. HP: 7/45 MP: 12/21
 10895 | D:6      | Noticed a gargoyle
 10906 | D:6      | Killed from afar by a gargoyle

Illustrated notes

Levels and vault maps discovered:
D:1:      mrwooster_arrival_statue, layout_rooms, serial_shops, shop,
          hellmonk_ecumenical_altar_lost_god, minmay_indecisive_spiral
D:2:      layout_loops_ring, minmay_small_reverse_x
D:3:      layout_basic, nicolae_ru_great_annihilating_truth,
          mainiacjoe_overflow_boulevard, uniq_grinder
D:4:      layout_rooms, old_standard_altar, grunt_temple_overflow_open,
          mainiacjoe_overflow_catch_the_wave, enter_ossuary_3, uniq_eustachio
D:5:      layout_basic
D:6:      minmay_cornered_nines, layout_loops_ring, serial_shops,
          nicolae_shop_competitors_out_of_business, uniq_menkaure,
          uniq_blork_the_orc, uniq_pikel

Skill      XL: |  1  2  3  4  5  6  7  8 |
---------------+-------------------------+-----
Spellcasting   | 4 5 7 |  7.2
Conjurations   | 5 7 |  7.0
Hexes          | 1 4 7 |  7.5
Translocations | 1 3 6 |  6.3
Earth Magic    | 3 6 |  6.3
Dodging        | |  2.4
Stealth        | |  2.4

Action                   |  1- 3 |  4- 6 |  7- 9 || total
-------------------------+-------+-------+-------++-------
Melee: Unarmed           |    11 |       |       ||    11
 Cast: Magic Dart        |    62 |   106 |   145 ||   313
       Searing Ray       |     6 |    23 |    33 ||    62
       Sandblast         |       |     7 |       ||     7
       Fulminant Prism   |       |       |     2 ||     2
       Iskenderun's Myst |       |       |     5 ||     5
       Poisonous Vapours |       |       |     1 ||     1
  Use: Scroll            |       |     4 |     4 ||     8
       Potion            |       |       |     1 ||     1
Armor: Robe              |     7 |     3 |     4 ||    14
Dodge: Dodged            |    27 |     6 |    19 ||    52
